 Dungeon Crawl Stone Soup version 0.22.1-2-g9c5b331 (webtiles) character file.

203 delarado the Firebug (level 5, -4/28 HPs)
             Began as a Deep Elf Fire Elementalist on Dec 10, 2018.
             Slain by a killer bee (5 damage)
             ... on level 4 of the Dungeon.
             The game lasted 00:18:36 (3695 turns).

delarado the Firebug (Deep Elf Fire Elementalist)   Turns: 3695, Time: 00:18:37

Health: -4/28      AC:  2    Str:  4 (5)  XL:     5   Next: 51%
Magic:  1/11       EV: 13    Int: 21      God:
Gold:   135        SH:  0    Dex: 14 (15) Spells: 6/10 levels left

rFire    + . .     SeeInvis .   m - +1 hunting sling
rCold    + . .     Gourm    .   (no shield)
rNeg     . . .     Faith    .   a - +0 robe
rPois    +         Spirit   .   (no helmet)
rElec    .         Reflect  .   p - scarf {rC+ rF+}
rCorr    .         Harm     .   (no gloves)
MR       .....                  (no boots)
Stlth    ++........             (no amulet)
HPRegen  0.09/turn              h - ring of poison resistance
MPRegen  0.12/turn              (no ring)

@: no status effects
A: evolution 1
a: no special abilities


You were on level 4 of the Dungeon.
You were not hungry.

You visited 1 branch of the dungeon, and saw 4 of its levels.

You collected 135 gold pieces.

Inventory:

Hand Weapons
 b - a +0 dagger
 m - a +1 hunting sling (weapon)
Missiles
 d - 93 stones
 l - 33 sling bullets (quivered)
Armour
 a - a +0 robe (worn)
 f - a +1 cloak
 p - a scarf of resistance (worn)
Jewellery
 h - a ring of poison resistance (left hand)
Scrolls
 g - a scroll of remove curse
 i - a scroll of enchant armour
Potions
 j - a potion of lignification
 n - a potion of might
Comestibles
 c - 2 rations


   Skills:
 - Level 2.4 Dodging
 - Level 2.4 Stealth
 - Level 3.0 Spellcasting
 + Level 4.2 Conjurations
 + Level 5.4 Fire Magic


You had 6 spell levels left.
You knew the following spells:

 Your Spells              Type           Power        Failure   Level  Hunger
a - Flame Tongue          Conj/Fire      ###..        1%          1    None
b - Conjure Flame         Conj/Fire      ###.....     5%          3    ###....

Your spell library contained the following spells:

 Spells                   Type           Power        Failure   Level  Hunger
 Throw Flame              Conj/Fire      ###...       2%          2    ##.....
 Inner Flame              Hex/Fire       ##......     13%         3    ###....
 Sticky Flame             Conj/Fire      ###.....     19%         4    ####...
 Fireball                 Conj/Fire      ###.......   45%         5    ######.


Dungeon Overview and Level Annotations

Branches:
Dungeon (4/15)
 Temple: D:4-7

Altars:
Uskayaw
Xom

Annotations:
D:4 Natasha


Innate Abilities, Weirdness & Mutations

You evolve.


Message History

Casting: Flame Tongue (safe; 1% risk of failure)
Confirm with . or Enter, or press ? or * to list all spells.
You don't have enough magic to cast that spell.
Unknown command.
As you read the scroll of teleportation, it crumbles to dust.
You feel strangely unstable. The hound barely misses you.
The hound completely misses you. The hound completely misses you.
Your surroundings suddenly seem different.
The killer bee buzzes angrily. x2; You hear an angry buzzing noise. x2
The killer bee closely misses you. x2; The killer bee barely misses you.
The killer bee closely misses you. The killer bee barely misses you.
The killer bee closely misses you.
As you read the scroll of fog, it crumbles to dust.
The scroll dissolves into smoke.
The killer bee stings you.
* * * LOW HITPOINT WARNING * * *
The killer bee misses you. The killer bee barely misses you.
The killer bee closely misses you. The killer bee stings you.
You die...

!# ###...#. .$.....
....oo # ##.#.# #
######§#### ##.#o##.#
###§y§§y.....
........##. #.§§yyy§.#
#h.............#@###.#
.a........... #§##
#...######. ## ...##
####


You could see 4 killer bees.

Vanquished Creatures
  A worker ant (D:3)
  2 hound skeletons (D:4)
  A gnoll (D:2)
  A howler monkey skeleton (D:4)
  4 adders
  3 dart slugs
  4 orcs
  2 ball pythons
  4 giant cockroaches
  9 goblins
  8 hobgoblins
  8 jackals (D:1)
  5 kobolds
  3 quokkas
  19 bats
  5 frilled lizards
  9 rats
88 creatures vanquished.

Vanquished Creatures (others)
  2 fungi (D:4)
2 creatures vanquished.

Grand Total: 90 creatures vanquished

Notes
Turn   | Place    | Note
-------+----------+-------------------------------------------
     0 | D:1      | delarado the Deep Elf Fire Elementalist began the quest for
                  | the Orb.
     0 | D:1      | Reached XP level 1. HP: 10/10 MP: 6/6
   207 | D:1      | Reached XP level 2. HP: 15/15 MP: 4/8
   528 | D:1      | Reached skill level 4 in Fire Magic
   534 | D:1      | Reached XP level 3. HP: 17/19 MP: 2/9
   695 | D:1      | Learned a level 3 spell: Conjure Flame
  1653 | D:2      | Found a shimmering altar of Xom.
  1692 | D:2      | Reached XP level 4. HP: 24/24 MP: 8/10
  2271 | D:2      | Gained mutation: You evolve. [potion of mutation]
  2955 | D:3      | Reached skill level 5 in Fire Magic
  2955 | D:3      | Reached XP level 5. HP: 28/28 MP: 3/11
  3144 | D:3      | Noticed a hand axe
  3144 | D:3      | Noticed a hand axe
  3145 | D:3      | Found a hide-covered altar of Uskayaw.
  3358 | D:4      | Noticed Natasha
  3694 | D:4      | HP: 1/28 [killer bee (4)]
  3695 | D:4      | Slain by a killer bee

Skill      XL: |  1  2  3  4  5 |
---------------+----------------+-----
Conjurations   | 2 3 4 |  4.2
Fire Magic     | 4 5 |  5.4
Dodging        | |  2.4
Stealth        | |  2.4
Spellcasting   | |  3.0

Action                   |  1- 3 |  4- 6 || total
-------------------------+-------+-------++-------
 Fire: Hunting sling     |       |    55 ||    55
Throw: Stone             |     3 |       ||     3
 Cast: Flame Tongue      |    86 |    73 ||   159
       Conjure Flame     |       |     1 ||     1
  Use: Scroll            |     4 |     8 ||    12
       Potion            |     1 |     4 ||     5
  Eat: Ration            |     1 |     1 ||     2
       Chunk             |       |     3 ||     3
Armor: Robe              |     9 |     7 ||    16
Dodge: Dodged            |    28 |    53 ||    81
